 Dungeon Crawl Stone Soup version 0.32-a0-18-g89e19f1974 (webtiles) character file.

Game seed: 5597140962201100096

2387 Laraso the Slicer (level 9, -4/39 HPs)
             Began as a Vine Stalker Enchanter on Jan 16, 2024.
             Was a Priest of Nemelex Xobeh.
             Slain by Maurice
             ... wielding a +0 mace
              (11 damage)
             ... on level 7 of the Dungeon.
             The game lasted 00:11:43 (5900 turns).

Laraso the Slicer (Vine Stalker Enchanter)          Turns: 5900, Time: 00:11:44

Health: -4/39      AC:  4    Str: 11    XL:     9   Next: 46%
Magic:  0/13       EV: 12    Int: 15    God:    Nemelex Xobeh [***...]
Gold:   0          SH:  0    Dex: 19    Spells: 1/12 levels left

rFire   . . .        a - +1 dagger
rCold   . . .        (no shield)
rNeg    + . .        z - +0 robe {Will+}
rPois   .            (no helmet)
rElec   .            f - +0 cloak
rCorr   .            r - +0 pair of gloves
SInv    .            (no boots)
Will    ++...        n - amulet of the acrobat
Stlth   +++          p - ring of positive energy
HPRegen 1.06/turn    (no ring)
MPRegen 0.13/turn

%: acrobat, guardian spirit
@: hasted, very quick
A: fangs 3, regeneration 1, magic shield, antimagic bite, no potion heal 2
a: Renounce Religion, Draw Escape, Draw Destruction, Draw Summoning, Triple Draw


You were on level 7 of the Dungeon.
You worshipped Nemelex Xobeh.
Nemelex Xobeh was most pleased with you.
You visited 1 branch of the dungeon, and saw 7 of its levels.

Inventory:

Hand Weapons
 a - a +1 dagger (weapon)
Missiles
 A - a throwing net (quivered)
Armour
 f - a +0 cloak (worn)
 r - a +0 pair of gloves (worn)
 z - a +0 robe of willpower (worn)
Jewellery
 n - an amulet of the acrobat (around neck)
 p - a ring of positive energy (left hand)
Wands
 u - a wand of polymorph (14)
 x - a wand of flame (11)
 y - a wand of paralysis (8)
 B - a wand of iceblast (2)
Scrolls
 h - 2 scrolls of blinking
 i - a scroll of brand weapon
 m - 2 scrolls of revelation
 o - a scroll of amnesia
 q - a scroll of vulnerability {unknown}
 s - a scroll of fog {unknown}
 w - a scroll of enchant weapon {unknown}
Potions
 c - 2 potions of invisibility
 d - 2 potions of curing
 e - 2 potions of brilliance {unknown}
 g - 2 potions of haste
 j - a potion of berserk rage {unknown}
 k - a potion of mutation {unknown}
 l - a potion of enlightenment {unknown}
 t - a potion of lignification {unknown}
 v - a potion of heal wounds {unknown}


   Skills:
 - Level 10.0 Short Blades
 - Level 1.5 Dodging
 - Level 3.6 Stealth
 - Level 2.1 Spellcasting
 * Level 6.8 Hexes


You had one spell level left.
You knew the following spells:

 Your Spells              Type           Power      Damage    Failure   Level
a - Ensorcelled Hibernat  Hex/Ice        22%        N/A       9%          2
b - Confusing Touch       Hex            22%        N/A       4%          3
c - Dazzling Flash        Conj/Hex       22%        N/A       16%         3
d - Tukima's Dance        Hex            22%        N/A       4%          3

Your spell library contained the following spells:

 Spells                   Type           Power      Damage    Failure   Level
 Kiss of Death            Conj/Necr      4%         2d5       22%         1
 Ozocubu's Armour         Ice            1%         N/A       54%         3
 Metabolic Englaciation   Hex/Ice        5%         N/A       83%         5
 Dispel Undead            Necr           1%         3d6       91%         4
 Sculpt Simulacrum        Ice/Alch       0%         N/A       100%        6


Dungeon Overview and Level Annotations

Branches:
Dungeon (7/15)
 Temple: D:4-7

Altars:
Ashenzari
Cheibriados
Dithmenos
Fedhas
Nemelex Xobeh
Qazlal
Yredelemnul

Shops:
D:6 (

Annotations:
D:5 exclusions: 8 doors and oklob plant
D:7 Maurice


Innate Abilities, Weirdness & Mutations

You have razor-sharp teeth.
Your natural rate of healing is unusually fast.
When hurt, damage is shared between your health and your magic reserves.
Your bite disrupts and absorbs the magic of your enemies.
Potions cannot restore your health.


Message History

The orc warrior struggles against the net.
Your magical contamination has completely faded away.
You hit the orc warrior but do no damage.
The orc warrior is moderately wounded.
You hit the orc warrior but do no damage.
The orc warrior is moderately wounded.
You hit the orc warrior but do no damage.
You bite the orc warrior, but do no damage.
The orc warrior is moderately wounded.
You hit the orc warrior.
You bite the orc warrior, but do no damage.
The orc warrior is heavily wounded.
You hear some strange, mumbled words.
The orc warrior zaps a wand.
You resist with almost no effort.
The orc warrior struggles against the net.
You catch the helpless orc warrior completely off-guard!
You impale the orc warrior!!
You kill the orc warrior!
You hear a zap.
Something tries to affect you, but you resist.
You closely miss something. Something hits you.
Something steals 1 of your 2 throwing nets!
Something bites you!
You feel your power leaking away. Something drains your magic.
You hit something. Your bite misses something. You hit something.
Your bite misses something. Something hits you!
Something steals 58 gold pieces!
You now have 0 gold pieces.
Something bites you.
* * * LOW HITPOINT WARNING * * *
You feel your power leaking away. Something drains your magic.
You hit something but do no damage. You hit something.
Your bite misses something. Something barely misses you. Something bites you.
* * * LOW HITPOINT WARNING * * *
Something drains your magic.
You feel yourself speed up. Something hits you!
You die...
Your body glows slightly and disappears.

#.# #.#.# . #.#.#
.### #.#.##....
#.#....... ..#......
.........
#...#################
#.....))).......@.))#
####..#############.#
##.## #.#
#..######### #†#
##.........# #.#
####.##.#... #.#
#.##.###.##.#
....!.....#.####..##
###.........o........


There were no monsters in sight!

Vanquished Creatures
  Pikel (D:6)
  Grinder (D:6)
  Sigmund (D:3)
  An orc warrior (D:7)
  A sky beast (D:6)
  An ogre (D:5)
  3 lemures (D:6)
  A centaur (D:6)
  A gnoll sergeant (D:7)
  A bullfrog (D:6)
  2 scorpions (D:6)
  4 killer bees (D:7)
  2 bombardier beetles
  4 hounds
  A jelly (D:6)
  3 orc priests (D:7)
  Crazy Yiuf (D:6)
  A sleepcap (D:6)
  2 iguanas
  3 orc wizards (D:7)
  9 gnolls
  8 adders
  A white imp (D:5)
  4 ufetubi
  4 dart slugs
  6 orcs
  5 ball pythons
  2 endoplasms
  3 giant cockroaches
  8 goblins
  9 hobgoblins
  4 jackals (D:4)
  4 quokkas
  7 bats
  3 frilled lizards (D:2)
  4 kobolds
  4 rats
120 creatures vanquished.

Vanquished Creatures (collateral kills)
  A bullfrog (D:4)
  2 gnolls (D:4)
3 creatures vanquished.

Vanquished Creatures (others)
  A dancing weapon (D:7)
  An orc wizard (D:7)
  An orc (D:7)
3 creatures vanquished.

Grand Total: 126 creatures vanquished

Notes
Turn   | Place    | Note
-------+----------+-------------------------------------------
     0 | D:1      | Laraso the Vine Stalker Enchanter began the quest for the
                  | Orb.
     0 | D:1      | Reached XP level 1. HP: 9/9 MP: 4/4
    24 | D:1      | Reached skill level 1 in Short Blades
   201 | D:1      | Reached XP level 2. HP: 13/13 MP: 6/6
   204 | D:1      | Learned a level 2 spell: Ensorcelled Hibernation
   214 | D:1      | Reached skill level 2 in Short Blades
   690 | D:1      | Reached XP level 3. HP: 16/16 MP: 7/7
   984 | D:2      | Found a sparkling altar of Nemelex Xobeh.
  1025 | D:2      | Reached skill level 3 in Short Blades
  1039 | D:2      | Became a worshipper of Nemelex Xobeh the Trickster
  1322 | D:2      | Reached XP level 4. HP: 7/21 MP: 1/8
  1783 | D:3      | Noticed Sigmund
  1788 | D:3      | Killed Sigmund
  1789 | D:3      | Reached skill level 5 in Short Blades
  1789 | D:3      | Reached XP level 5. HP: 24/24 MP: 9/9
  2040 | D:3      | Found a snail-covered altar of Cheibriados.
  2111 | D:3      | Reached * piety under Nemelex Xobeh
  2115 | D:3      | Found a faded altar of an unknown god.
  2129 | D:3      | Reached XP level 6. HP: 25/28 MP: 8/10
  2242 | D:3      | Found a broken altar of Ashenzari.
  2242 | D:3      | Found a basalt altar of Yredelemnul.
  2348 | D:3      | Learned a level 3 spell: Confusing Touch
  2352 | D:3      | Learned a level 3 spell: Dazzling Flash
  2649 | D:4      | Received a gift from Nemelex Xobeh
  2694 | D:4      | Found a shadowy altar of Dithmenos.
  3099 | D:5      | Entered Level 5 of the Dungeon
  3155 | D:4      | Reached skill level 6 in Short Blades
  3381 | D:5      | Reached XP level 7. HP: 31/32 MP: 7/11
  3476 | D:5      | Noticed a fire elemental
  3485 | D:5      | Noticed an air elemental
  3696 | D:5      | Reached skill level 7 in Short Blades
  3791 | D:5      | Found a stormy altar of Qazlal.
  3808 | D:5      | Noticed a water elemental
  3902 | D:5      | Reached ** piety under Nemelex Xobeh
  3902 | D:5      | Received a gift from Nemelex Xobeh
  4154 | D:5      | Found a blossoming altar of Fedhas.
  4175 | D:5      | Noticed an oklob plant
  4321 | D:6      | Noticed Grinder
  4384 | D:6      | Killed Grinder
  4385 | D:6      | Reached skill level 8 in Short Blades
  4385 | D:6      | Gained mutation: You have razor-sharp teeth. [Vine Stalker
                  | growth]
  4385 | D:6      | Reached XP level 8. HP: 27/36 MP: 10/12
  4541 | D:6      | Reached skill level 9 in Short Blades
  4547 | D:6      | Noticed Pikel
  4682 | D:5      | Learned a level 3 spell: Tukima's Dance
  4727 | D:6      | Found Pashaekh's Antique Weapon Boutique.
  4834 | D:6      | Received a gift from Nemelex Xobeh
  4856 | D:6      | Found a runed translucent door.
  4857 | D:6      | Noticed Crazy Yiuf
  4954 | D:6      | Killed Pikel
  4955 | D:6      | Reached skill level 10 in Short Blades
  4955 | D:6      | Reached XP level 9. HP: 12/39 MP: 5/13
  5120 | D:6      | Killed Crazy Yiuf
  5323 | D:7      | Reached skill level 5 in Hexes
  5390 | D:7      | Reached *** piety under Nemelex Xobeh
  5854 | D:7      | Noticed Maurice
  5876 | D:7      | Something stole 3 throwing nets
  5880 | D:7      | Something stole a +0 short sword
  5882 | D:7      | Something stole 367 gold
  5895 | D:7      | Something stole 2 throwing nets
  5897 | D:7      | Something stole 58 gold
  5900 | D:7      | Slain by Maurice

Illustrated notes

Levels and vault maps discovered:
D:1:      psy_arrival_conway, layout_basic, minmay_crystal_water,
          chequers_serial_rivers_micro_e
D:2:      layout_basic, basic_altar
D:3:      layout_loops_ring, mainiacjoe_overflow_alcove_4,
          chequers_temple_overflow_statue_of_worship,
          hellmonk_ecumenical_altar_arch_garden, uniq_sigmund
D:4:      layout_basic, lemuel_crystal_altar
D:5:      layout_cave_pools, nicolae_qazlal_style_of_elements, tgw_fedhas,
          kennysheep_generic_room_12
D:6:      layout_rooms, serial_shops, shop, uniq_crazy_yiuf_cottage,
          uniq_grinder, uniq_pikel
D:7:      layout_basic, minmay_temple_entry_statues_fountains, uniq_maurice,
          uniq_maggie

Skill      XL: |  1  2  3  4  5  6  7  8  9 |
---------------+----------------------------+-----
Short Blades   | 1 2 3 5 6 8 10 | 10.0
Hexes          | 4 6 |  6.8
Dodging        | |  1.5
Stealth        | |  3.6
Spellcasting   | |  2.1

Action                     |  1- 3 |  4- 6 |  7- 9 || total
---------------------------+-------+-------+-------++-------
  Melee: Dagger            |    95 |    87 |   256 ||   438
         Bite              |    23 |    22 |    93 ||   138
         Punch             |       |       |     1 ||     1
   Cast: Ensorcelled Hiber |     1 |     2 |    61 ||    64
         Dazzling Flash    |       |       |     2 ||     2
         Confusing Touch   |       |       |     3 ||     3
         Tukima's Dance    |       |       |     1 ||     1
 Invoke: Draw Summoning    |       |     1 |       ||     1
         Draw Destruction  |       |       |     6 ||     6
    Use: Scroll            |       |     4 |     4 ||     8
         Potion            |       |       |     1 ||     1
   Stab: Sleeping          |     9 |    10 |    31 ||    50
         Confused          |       |       |     1 ||     1
         Held in net/web   |       |       |     1 ||     1
 Armour: Robe              |    38 |    37 |   125 ||   200
  Dodge: Dodged            |    61 |    61 |   192 ||   314

Table legend: (Time is in decaauts)
 A = Elapsed time spent in this place.
 B = Non-inter-level travel time spent in this place.
 C = Inter-level travel time spent in this place.
 D = Time resting spent in this place.
 E = Time spent auto-exploring this place.
 F = Levels seen in this place.
 G = Mean time per level.
                   A        B        C        D        E       F      G
               +--------+--------+--------+--------+--------+-----+--------+
         Total |   5763 |   5445 |    318 |    609 |   3462 |   7 |  823.3 |
       Dungeon |   5763 |   5445 |    318 |    609 |   3462 |   7 |  823.3 |
               +--------+--------+--------+--------+--------+-----+--------+

Top non-repeatable levels by time:
     D:4: 1067 daAuts
     D:1: 967 daAuts
     D:6: 862 daAuts
     D:5: 789 daAuts
     D:3: 733 daAuts
     D:7: 680 daAuts
     D:2: 664 daAuts
